 Dungeon Crawl Stone Soup version 0.22.0-21-g8bd1b0a (webtiles) character file.

120 AverageBear the Cutter (level 4, -2/27 HPs)
             Began as a Deep Elf Fighter on Aug 20, 2018.
             Killed by divine providence
             ... invoked by an orc priest
              (10 damage)
             ... on level 3 of the Dungeon.
             The game lasted 00:01:54 (2113 turns).

AverageBear the Cutter (Deep Elf Fighter)           Turns: 2113, Time: 00:01:55

Health: -2/27      AC:  8    Str: 14    XL:     4   Next: 75%
Magic:  6/6        EV:  6    Int: 13    God:
Gold:   98         SH:  8    Dex: 14    Spells: 3/3 levels left

rFire    . . .     SeeInvis .   a - +0 rapier
rCold    . . .     Gourm    .   c - +0 shield
rNeg     . . .     Faith    +   b - +0 scale mail
rPois    .         Spirit   .   (no helmet)
rElec    .         Reflect  .   d - +0 cloak
rCorr    .         Harm     .   j - +0 pair of gloves
MR       .....                  (no boots)
Stlth    ..........             i - amulet of faith
HPRegen  0.09/turn              (no ring)
MPRegen  0.10/turn              (no ring)

@: no status effects
A: no striking features
a: no special abilities


You were on level 3 of the Dungeon.
You were hungry.

You visited 1 branch of the dungeon, and saw 3 of its levels.

You collected 98 gold pieces.

Inventory:

Hand Weapons
 a - a +0 rapier (weapon)
Armour
 b - a +0 scale mail (worn)
 c - a +0 shield (worn)
 d - a +0 cloak (worn)
 j - a +0 pair of gloves (worn)
Jewellery
 i - an amulet of faith (around neck)
Scrolls
 g - a scroll of remove curse
 h - a scroll of fear
Potions
 e - 2 potions of flight
 m - a potion of ambrosia {unknown}
 q - a potion of heal wounds {unknown}
 r - a potion of curing {unknown}
Comestibles
 f - 3 rations


   Skills:
 - Level 2.4 Fighting
 + Level 5.0 Short Blades
 - Level 2.4 Armour
 - Level 2.4 Shields


You had 3 spell levels left.
You didn't know any spells.
Your spell library was empty.

Dungeon Overview and Level Annotations

Branches:
Dungeon (3/15)

Altars:
Qazlal
Vehumet


Message History

You are too injured to fight recklessly!
You closely miss the orc priest.
The orc priest hits you but does no damage.
You hit the orc priest.
The orc priest is moderately wounded.
The orc priest hits you but does no damage.
You closely miss the orc priest.
The orc priest is moderately wounded.
The orc priest barely misses you.
Your shield and scale mail prevent you from hitting the orc priest.
The orc priest is moderately wounded.
You block the orc priest's attack.
You hit the orc priest.
The orc priest is heavily wounded.
The orc priest barely misses you.
You hit the orc priest.
The orc priest is severely wounded.
The orc priest mumbles some strange prayers to Beogh against you.
Beogh smites you!
You die...

.. ####.## ## .##.##
...... .. ........
..... ..# ....#.. ...
...........########.##
##
...#...##...........<
....
...#..........)....
#..##o#.# #.#######..#
#....@).###.### #...#
#........)....# #..##
##.####.###)#.# #..#
.. ...# #.#.####..# ##
###.# #.........#
.........#####.#
#######..# #.# #... ..
##.## ###


You could see an orc priest.

Vanquished Creatures
  Crazy Yiuf (D:2)
  Jessica (D:2)
  A gnoll (D:1)
  2 worms (D:2)
  2 dart slugs (D:1)
  A leopard gecko (D:2)
  5 orcs (D:3)
  2 giant cockroaches (D:2)
  4 hobgoblins
  7 kobolds
  A quokka (D:2)
  2 bats (D:2)
  2 frilled lizards
  6 goblins
  4 rats
  A fungus (D:2)
42 creatures vanquished.

Notes
Turn   | Place    | Note
-------+----------+-------------------------------------------
     0 | D:1      | AverageBear the Deep Elf Fighter began the quest for the Orb.
     0 | D:1      | Reached XP level 1. HP: 13/13 MP: 3/3
    53 | D:1      | Reached XP level 2. HP: 11/18 MP: 4/4
   240 | D:1      | Reached skill level 3 in Short Blades
   955 | D:2      | Found a radiant altar of Vehumet.
   978 | D:2      | Reached XP level 3. HP: 18/22 MP: 5/5
  1391 | D:2      | Noticed Jessica
  1402 | D:2      | Killed Jessica
  1402 | D:2      | Reached skill level 4 in Short Blades
  1402 | D:2      | Reached XP level 4. HP: 20/27 MP: 6/6
  1678 | D:2      | Found a stormy altar of Qazlal.
  1776 | D:2      | Found a runed door.
  1781 | D:2      | Noticed Crazy Yiuf
  1788 | D:2      | Killed Crazy Yiuf
  2083 | D:3      | Reached skill level 5 in Short Blades
  2113 | D:3      | Killed from afar by an orc priest

Skill      XL: |  1  2  3  4 |
---------------+-------------+-----
Short Blades   | 3 4 5 |  5.0
Fighting       | |  2.4
Armour         | |  2.4
Shields        | |  2.4

Action                   |  1- 3 |  4- 6 || total
-------------------------+-------+-------++-------
Melee: Rapier            |    93 |    89 ||   182
  Use: Scroll            |     3 |     3 ||     6
       Potion            |       |     1 ||     1
  Eat: Chunk             |     1 |     2 ||     3
Armor: Scale mail        |    37 |    27 ||    64
Dodge: Dodged            |    12 |    16 ||    28
Block: Shield            |    42 |    24 ||    66
